 Dungeon Crawl Stone Soup version 0.28.0 (webtiles) character file.

Game seed: 17612594935356083792

144 Lobster4 the Charlatan (level 5, 0/38 HPs)
             Began as a Human Wanderer on Feb 17, 2022.
             Slain by an ice beast (7 damage)
             ... on level 3 of the Dungeon.
             The game lasted 00:10:45 (4165 turns).

Lobster4 the Charlatan (Human Wanderer)             Turns: 4165, Time: 00:10:46

Health: 0/38       AC:  4    Str: 15    XL:     5   Next: 51%
Magic:  2/8        EV: 11    Int: 14    God:
Gold:   112        SH:  0    Dex: 10    Spells: 4/8 levels left

rFire   . . .      SeeInvis .   a - +0 trident
rCold   . . .      Faith    .   (no shield)
rNeg    . . .      Spirit   .   c - +0 leather armour
rPois   .          Reflect  .   r - +0 helmet
rElec   .          Harm     .   (no cloak)
rCorr   .          Rampage  .   (no gloves)
Will    .....                   (no boots)
Stlth   +.........              (no amulet)
HPRegen 0.12/turn               (no ring)
MPRegen 0.11/turn               (no ring)

@: brilliant
A: no striking features
a: no special abilities


You were on level 3 of the Dungeon.
You visited 1 branch of the dungeon, and saw 3 of its levels.

You collected 112 gold pieces.

Inventory:

Hand Weapons
 a - a +0 trident (weapon)
 b - a +0 hunting sling
 e - a +0 club
 k - a +0 whip
 s - a +0 short sword
Missiles
 g - 34 bolts
 i - 72 arrows
 j - 32 stones (quivered)
 q - 25 sling bullets
Armour
 c - a +0 leather armour (worn)
 f - a +0 plate armour
 l - a +0 chain mail
 p - a +0 ring mail
 r - a +0 helmet (worn)
Magical Staves
 u - a staff of conjuration
Potions
 h - 2 potions of curing
 n - a potion of haste {unknown}
 o - 2 potions of mutation {unknown}
 t - a potion of lignification
Miscellaneous
 d - a condenser vane


   Skills:
 + Level 1.6 Fighting
 + Level 0.0 Polearms
 + Level 1.2 Throwing
 + Level 1.4 Armour
 - Level 2.0 Dodging
 + Level 2.0 Spellcasting
 + Level 2.9 Necromancy
 - Level 1.0 Invocations
 + Level 4.5 Evocations


You had 4 spell levels left.
You knew the following spells:

 Your Spells              Type           Power      Damage    Failure   Level
a - Pain                  Necr           56%        1d6       9%          1
b - Vampiric Draining     Necr           14%        2d7       26%         3

Your spell library contained the following spells:

 Spells                   Type           Power      Damage    Failure   Level


Dungeon Overview and Level Annotations

Branches:
Dungeon (3/15)

Altars:
Fedhas

Shops:
D:1 (

Annotations:
D:3 Terence


Message History

The ice beast hits you. The ice beast freezes you!
Casting: Pain (safe; 9% risk of failure)
Confirm with . or Enter, or press ? or * to list all spells.
Aiming: Pain (safe; 9% risk of failure)
Press: ? - help, Shift-Dir - straight line, f/p - ice beast
Aim: an ice beast (moderately wounded, chance to affect: 71%)
You feel a surge of power!
The ice beast writhes in agony.
The ice beast closely misses you.
Casting: Pain (safe; 9% risk of failure)
Confirm with . or Enter, or press ? or * to list all spells.
Aiming: Pain (safe; 9% risk of failure)
Press: ? - help, Shift-Dir - straight line, f/p - ice beast
Aim: an ice beast (heavily wounded, chance to affect: 71%)
You feel a surge of power!
The ice beast writhes in agony.
The ice beast barely misses you.
Casting: Pain (safe; 9% risk of failure)
Confirm with . or Enter, or press ? or * to list all spells.
Aiming: Pain (safe; 9% risk of failure)
Press: ? - help, Shift-Dir - straight line, f/p - ice beast
Aim: an ice beast (severely wounded, chance to affect: 71%)
You feel a surge of power!
The ice beast struggles to resist.
The ice beast misses you.
Casting: Pain (safe; 9% risk of failure)
Confirm with . or Enter, or press ? or * to list all spells.
Aiming: Pain (safe; 9% risk of failure)
Press: ? - help, Shift-Dir - straight line, f/p - ice beast
Aim: an ice beast (severely wounded, chance to affect: 71%)
You feel a surge of power!
The ice beast writhes in agony.
The ice beast hits you. The ice beast freezes you!
* * * LOW HITPOINT WARNING * * *
Casting: Pain (safe; 9% risk of failure)
Confirm with . or Enter, or press ? or * to list all spells.
Aiming: Pain (safe; 9% risk of failure)
Press: ? - help, Shift-Dir - straight line, f/p - ice beast
Aim: an ice beast (severely wounded, chance to affect: 71%)
You feel a surge of power!
The ice beast writhes in agony.
The ice beast hits you.
* * * LOW HITPOINT WARNING * * *
The ice beast freezes you!
You die...

............###)#####
....................#
####..###.#####.###.#
##.....# #.....#...
####..# ##.....>..
#....####.###....
#.........# ...
#.........###....
.........@Y......
#.........#####..
#.........#
..[......# .........#
##########


You could see an ice beast.

Vanquished Creatures
  A scorpion (D:3)
  Robin (D:2)
  2 adders (D:3)
  An orc (D:3)
  2 ball pythons (D:1)
  5 endoplasms
  2 giant cockroaches
  11 goblins
  7 hobgoblins
  3 jackals (D:2)
  3 bats
  12 frilled lizards
  5 kobolds
  4 rats
59 creatures vanquished.

Notes
Turn   | Place    | Note
-------+----------+-------------------------------------------
     0 | D:1      | Lobster4 the Human Wanderer began the quest for the Orb.
     0 | D:1      | Lobster4 set off with the following items: a +0 club, a
                  | potion of lignification, a +0 leather armour, a condenser
                  | vane; and the following spell memorised: Pain; and the
                  | following spells available to memorise: Vampiric Draining
     0 | D:1      | Reached XP level 1. HP: 13/13 MP: 2/2
   299 | D:1      | Found a faded altar of an unknown god.
   868 | D:1      | Reached XP level 2. HP: 19/20 MP: 1/3
  1231 | D:1      | Found Fys Oraj's Weapon Shoppe.
  1683 | D:1      | Reached XP level 3. HP: 25/25 MP: 5/5
  1837 | D:2      | Reached skill level 1 in Fighting
  2956 | D:3      | Noticed Robin
  3117 | D:3      | Reached XP level 4. HP: 25/32 MP: 0/6
  3119 | D:3      | Noticed a scorpion
  3290 | D:3      | Killed a scorpion
  3291 | D:3      | Reached skill level 1 in Throwing
  3291 | D:3      | Reached skill level 1 in Armour
  3291 | D:3      | Reached XP level 5. HP: 23/37 MP: 1/8
  3523 | D:3      | Learned a level 3 spell: Vampiric Draining
  3966 | D:2      | Killed Robin
  4102 | D:3      | Found a blossoming altar of Fedhas.
  4111 | D:3      | Noticed Terence
  4156 | D:3      | Noticed an ice beast
  4165 | D:3      | Slain by an ice beast

Illustrated notes

Levels and vault maps discovered:
D:1:      dpeg_arrival_pits, layout_loops_corners, basic_ecumenical_altar,
          serial_shops, shop
D:2:      layout_loops_cross, minmay_lizard_pond
D:3:      layout_rooms, fedhas_altar_2, uniq_natasha, uniq_terence, uniq_robin

Skill      XL: |  1  2  3  4 |
---------------+-------------+-----
Fighting       | 1 |  1.6
Throwing       | 1 |  1.2
Armour         | 1 |  1.4
Spellcasting   | 2 |  2.0
Dodging        | |  2.0
Necromancy     | |  2.9
Invocations    | |  1.0
Evocations     | |  4.5

Action                   |  1- 3 |  4- 6 || total
-------------------------+-------+-------++-------
Melee: Whip              |    27 |       ||    27
       Club              |     7 |       ||     7
       Punch             |     1 |       ||     1
       Short sword       |    51 |       ||    51
       Trident           |    39 |    66 ||   105
Throw: Stone             |     3 |    15 ||    18
 Cast: Pain              |    19 |    22 ||    41
  Use: Potion            |       |     3 ||     3
       Scroll            |       |     4 ||     4
 Stab: Sleeping          |     1 |       ||     1
Armor: Leather armour    |    39 |     8 ||    47
       Skin              |       |    24 ||    24
Dodge: Dodged            |    64 |    40 ||   104
